 Dungeon Crawl Stone Soup version 0.19-a0-1821-g42c593c (webtiles) character file.

261 4thArraOfDagon the Slasher (level 5, -3/47 (48) HPs)
             Began as a Minotaur Monk on Oct 6, 2016.
             Slain by a bullfrog (8 damage)
             ... on level 10 of the Dungeon.
             The game lasted 00:03:23 (670 turns).

4thArraOfDagon the Slasher (Minotaur Monk)           Turns: 670, Time: 00:03:23

HP:   -3/47 (48)    AC:  3    Str: 16    XL:     5   Next: 96%
MP:   4/4           EV: 14    Int:  8    God:
Gold: 63            SH:  0    Dex: 12    Spells: 0 memorised, 4 levels left

rFire  . . .     SeeInvis .     n - +5 long sword (slice)
rCold  . . .     Gourm    .     b - +0 robe
rNeg   . . .     Faith    .     (no shield)
rPois  .         Spirit   .     (helmet restricted)
rElec  .         Dismiss  .     i - +0 cloak
rCorr  .         Reflect  .     (no gloves)
MR     .....     Harm     .     (no boots)
Stlth  ++........               (no amulet)
                                (no ring)
                                (no ring)

@: no status effects
A: retaliatory headbutt, horns 2
a: no special abilities


You were on level 10 of the Dungeon.
You were not hungry.

You visited 1 branch of the dungeon, and saw 10 of its levels.

You collected 168 gold pieces.
You spent 105 gold pieces at shops.

Inventory:

Hand Weapons
 a - a +0 falchion
 n - a +5 long sword of slicing (weapon)
Armour
 b - a +0 robe (worn)
 i - a +0 cloak (worn)
Scrolls
 d - a scroll of remove curse {unknown}
 e - a scroll of blinking {unknown}
 h - a scroll of random uselessness {unknown}
 k - a scroll of holy word {unknown}
Potions
 f - a potion of curing
 m - a potion of lignification
Comestibles
 c - 2 bread rations
 j - a meat ration
 l - a beef jerky


   Skills:
 + Level 5.1 Fighting
 * Level 5.5 Long Blades
 + Level 3.0 Armour
 + Level 4.2 Dodging
 - Level 1.5 Stealth


You had 4 spell levels left.
You didn't know any spells.

Dungeon Overview and Level Annotations

Branches:
Dungeon (10/15)
 Temple: D:4-7         Lair: D:8-11         Orc: D:9-12

Altars:

Shops:
D:8 =   D:10 (

Annotations:
D:3 kae's ghost, amateur FoFi


Innate Abilities, Weirdness & Mutations

You reflexively headbutt those who attack you in melee.
You have a pair of horns on your head.


Message History

Unknown command.
Unknown command.
The bullfrog hits you. The bullfrog closely misses you.
Unknown command.
The bullfrog hits you.
Unknown command.
The bullfrog hits you.
Unknown command.
Unknown command.
The bullfrog hits you! The bullfrog hits you. The bullfrog hits you!
* * * LOW HITPOINT WARNING * * *
Unknown command.
Unknown command.
The bullfrog hits you.
* * * LOW HITPOINT WARNING * * *
Unknown command.
The bullfrog hits you!
You die...

.... ..... .......
..... .......
....# .......
#...# .......
#...#
.......###...#
.............#####
........F.T.......
.......@##........
........##........
........##...#####
........##...#
#####...##...#
#...##...#
#...##...#
....##...# #...#


You could see a troll and a bullfrog.

Vanquished Creatures
  An ice beast (D:9)
  A necrophage (D:9)
  A hound (D:6)
  A hound zombie (D:8)
  2 adders (D:6)
  An orc (D:10)
  2 giant cockroaches (D:2)
  A hobgoblin (D:1)
  7 jackals
  A frilled lizard (D:1)
  A fungus (D:1)
19 creatures vanquished.

Notes
Turn   | Place    | Note
-------+----------+-------------------------------------------
     0 | D:1      | 4thArraOfDagon the Minotaur Monk began the quest for the Orb.
     0 | D:1      | Reached XP level 1. HP: 19/19 MP: 0/0
    92 | D:3      | Noticed kae's ghost (amateur FoFi)
   177 | D:5      | Entered Level 5 of the Dungeon
   214 | D:6      | Noticed a hound
   222 | D:6      | Killed a hound
   222 | D:6      | Reached XP level 2. HP: 19/27 MP: 1/1
   222 | D:6      | Reached XP level 3. HP: 23/33 MP: 2/2
   244 | D:6      | Reached skill level 1 in Armour
   293 | D:7      | Noticed an ice beast
   311 | D:8      | Found Cib Osef's Jewellery Shop.
   337 | D:8      | Reached XP level 4. HP: 28/41 MP: 3/3
   364 | D:8      | Noticed an ice beast
   477 | D:9      | Noticed an orc warrior
   480 | D:10     | Entered Level 10 of the Dungeon
   502 | D:10     | Found Malemodo's Antique Weapon Shop.
   506 | D:10     | Noticed a troll
   532 | D:10     | Bought a runed long sword for 105 gold pieces
   543 | D:9      | Noticed an ice beast
   560 | D:9      | Killed an ice beast
   560 | D:9      | Reached skill level 5 in Long Blades
   560 | D:9      | Reached XP level 5. HP: 47/47 MP: 4/4
   569 | D:9      | Noticed a necrophage
   574 | D:9      | Killed a necrophage
   574 | D:9      | Reached skill level 5 in Fighting
   670 | D:10     | Slain by a bullfrog

Vault maps used:
D:1:      dpeg_arrival_pond, st_stairs_13, minmay_gold_behind_fungi
D:3:      minitemple, first_bread
D:5:      minivault_1, dk_rats_in_the_wall
D:6:      uniq_menkaure
D:7:      serial_shops, shop, uniq_crazy_yiuf_cottage, uniq_pikel
D:8:      serial_shops, shop, uniq_psyche
D:9:      minmay_klotski, the_bakery, hangedman_decor_lopped
D:10:     david_lair_generic, serial_shops, shop

Skill      XL: |  1  2  3  4  5 |
---------------+----------------+-----
Fighting       | 4 5 |  5.1
Long Blades    | 4 5 |  5.5
Armour         | 1 2 3 |  3.0
Dodging        | 4 |  4.2
Stealth        | |  1.5

Action                   |  1- 3 |  4- 6 || total
-------------------------+-------+-------++-------
Melee: Falchion          |    42 |     2 ||    44
       Headbutt          |     7 |       ||     7
       Long sword        |       |    15 ||    15
  Use: Scroll            |       |     2 ||     2
       Potion            |       |     1 ||     1
Armor: Robe              |     9 |     1 ||    10
       Skin              |       |    13 ||    13
Dodge: Dodged            |    28 |     7 ||    35
       Rpst.: Falchion   |     7 |       ||     7
